 Dungeon Crawl Stone Soup version 0.26.1-11-gd32895ea62 (webtiles) character file.

Game seed: 16985616732236539506

3536 bnorton916 the Fighter (level 10, -14/73 (83) HPs)
             Began as a Formicid Fighter on June 24, 2021.
             Was a Priest of Zin.
             Demolished by Harold
             ... wielding a +1 scimitar of draining
              (26 damage)
             ... on level 8 of the Dungeon.
             The game lasted 00:14:23 (7928 turns).

bnorton916 the Fighter (Formicid Fighter)           Turns: 7928, Time: 00:14:23

HP:   -14/73 (83)   AC: 11    Str: 24    XL:     10   Next: 29%
MP:   10/10         EV: 10    Int:  8    God:    Zin [***...]
Gold: 261           SH: 16    Dex: 10    Spells: 9/9 levels left

rFire    . . .     SeeInvis +   s - +4 hand axe
rCold    . . .     Faith    .   c - +0 kite shield
rNeg     . . .     Spirit   .   n - +2 ring mail {rPois}
rPois    +         Reflect  +   (helmet unavailable)
rElec    .         Harm     .   o - +0 cloak
rCorr    .         Rampage  .   D - +0 pair of gloves
Will     +....                  (no boots)
Stlth    +.........             g - amulet of reflection
HPRegen  0.22/turn              (no ring)
MPRegen  0.12/turn              q - ring of stealth

@: heavily drained
A: permanent stasis, dig shafts and tunnels, four strong arms, antennae 3
a: Dig, Shaft Self, Renounce Religion, Recite, Vitalisation, Imprison, Donate
Gold


You were on level 8 of the Dungeon.
You worshipped Zin.
Zin was most pleased with you.
You visited 2 branches of the dungeon, and saw 9 of its levels.
You also visited: Ossuary.

You collected 438 gold pieces.
You donated 177 gold pieces to Zin.

Inventory:

Hand Weapons
 a - a +0 war axe
 s - a +4 hand axe (weapon)
 E - a +0 battleaxe
Armour
 c - a +0 kite shield (worn)
 n - a +2 ring mail of poison resistance (worn)
 o - a +0 cloak (worn)
 D - a +0 pair of gloves (worn)
Jewellery
 g - an amulet of reflection (around neck)
 q - a ring of stealth (right hand)
 C - an uncursed ring of fire
Wands
 l - a wand of iceblast (7)
 v - a wand of acid (13)
 A - a wand of digging (13)
 B - a wand of disintegration (12)
Scrolls
 h - a scroll of fog {unknown}
 k - a scroll of fear {unknown}
 r - 4 scrolls of remove curse
 w - 2 scrolls of enchant armour {unknown}
 x - 2 scrolls of enchant weapon
 y - 2 scrolls of identify
 z - a scroll of amnesia {unknown}
Potions
 b - 2 potions of heal wounds
 d - 3 potions of might
 e - 3 potions of lignification
 f - 2 potions of flight
 i - a potion of cancellation
 j - 7 potions of curing
 m - a potion of ambrosia
 p - a potion of mutation
 t - 2 potions of invisibility
 u - a potion of attraction


   Skills:
 + Level 9.2 Fighting
 + Level 8.0 Axes
 - Level 7.0 Armour
 - Level 9.0 Shields


You had 9 spell levels left.
You didn't know any spells.
Your spell library contained the following spells:

 Spells                   Type           Power        Failure   Level
 Beastly Appendage        Tmut           0%           54%         1
 Sandblast                Erth           0%           54%         1
 Passwall                 Tmut/Erth      0%           67%         2
 Wereblood                Tmut           0%           67%         2
 Spider Form              Tmut/Pois      0%           88%         3
 Stone Arrow              Conj/Erth      0%           88%         3
 Ice Form                 Ice/Tmut       0%           99%         4
 Petrify                  Tmut/Erth      0%           99%         4
 Blade Hands              Tmut           0%           100%        5
 Lee's Rapid Deconstruct  Erth           0%           100%        5


Dungeon Overview and Level Annotations

Branches:
Dungeon (8/15)             Temple (1/1) D:4         Ossuary (visited)
   Lair: D:8-11

Altars:
Ashenzari
Cheibriados
Dithmenos
Elyvilon
Fedhas
Kikubaaqudgha
Makhleb
Nemelex Xobeh
Sif Muna
Trog
Wu Jian
Xom
Yredelemnul
Zin

Shops:
D:7 *

Annotations:
D:8 Harold


Innate Abilities, Weirdness & Mutations

You cannot be hasted, slowed, berserked, paralysed or teleported.
You can dig through walls and to a lower floor.
Your four strong arms can wield two-handed weapons with a shield.
You have a pair of large antennae on your head. (SInv)


Message History

Harold is heavily wounded.
Harold casts a spell at you.
You barely resist. You hit Harold.
Harold is heavily wounded.
Harold hits you with a +1 scimitar of draining!!
* * * LOW HITPOINT WARNING * * *
You feel drained.
* * * LOW HITPOINT WARNING * * *
You hit Harold but do no damage.
Harold is heavily wounded.
It was a potion of heal wounds.
You feel much better.
Harold hits you with a +1 scimitar of draining!!
* * * LOW HITPOINT WARNING * * *
You feel drained.
* * * LOW HITPOINT WARNING * * *
You hit Harold.
Harold is heavily wounded.
Harold hits you with a +1 scimitar of draining!!
You die...

#.#...####......)..
#.##.## ##.......#
#.#### ##.<...##
##...## ##...##
#.....# ##+##
#.....# #.....#
##!..## ##@## #@#
#.# #.# #.. ###


You could see Harold (strong).

Vanquished Creatures
  Sigmund (D:2)
  Eustachio (D:4)
  2 orc warriors
  A black bear (D:6)
  6 ogres
  3 centaurs (D:7)
  2 big kobolds (D:4)
  3 elf zombies (Ossuary)
  5 bullfrogs
  A wyvern zombie (D:6)
  2 scorpions
  6 killer bees (D:5)
  6 wights
  A howler monkey (D:5)
  2 centaur zombies (Ossuary)
  A bullfrog zombie (D:5)
  A hound (D:5)
  Crazy Yiuf (D:2)
  2 orc priests
  2 orc wizards (D:5)
  2 iguanas
  2 worker ants (D:4)
  Natasha (thrice) (D:2)
  A big kobold zombie (Ossuary)
  2 mummies (Ossuary)
  3 gnolls (D:3)
  10 adders
  A shadow imp (D:6)
  A white imp (D:5)
  3 ufetubi
  2 oozes
  2 adder zombies
  3 adder skeletons
  A worm (D:3)
  A dart slug (D:1)
  5 leopard geckos
  28 orcs
  A ball python (D:1)
  7 giant cockroaches
  11 goblins
  11 hobgoblins
  8 jackals
  15 kobolds
  3 quokkas
  6 bats
  7 frilled lizards
  11 hobgoblin zombies (Ossuary)
  A jackal skeleton (D:4)
  2 jackal zombies (Ossuary)
  8 kobold zombies (Ossuary)
  A leopard gecko skeleton (D:5)
  9 orc zombies (Ossuary)
  A quokka skeleton (D:7)
  9 rats
230 creatures vanquished.

Vanquished Creatures (others)
  A worker ant (D:6)
  An orc (D:6)
  4 fungi (D:8)
  5 plants (D:8)
11 creatures vanquished.

Grand Total: 241 creatures vanquished

Notes
Turn   | Place    | Note
-------+----------+-------------------------------------------
     0 | D:1      | bnorton916 the Formicid Fighter began the quest for the
                  | Orb.
     0 | D:1      | Reached XP level 1. HP: 18/18 MP: 1/1
   124 | D:1      | Reached XP level 2. HP: 19/24 MP: 2/2
   285 | D:1      | Reached XP level 3. HP: 29/29 MP: 3/3
  1502 | D:2      | Reached XP level 4. HP: 37/37 MP: 4/4
  1560 | D:2      | Noticed Natasha
  1567 | D:2      | Killed Natasha
  1675 | D:2      | Noticed Sigmund
  1695 | D:2      | Killed Sigmund
  1696 | D:2      | Reached skill level 5 in Shields
  1696 | D:2      | Reached XP level 5. HP: 9/43 MP: 5/5
  1696 | D:2      | Reached XP level 6. HP: 10/49 MP: 6/6
  2088 | D:2      | Noticed Natasha
  2098 | D:2      | Killed Natasha
  2178 | D:2      | Noticed Natasha
  2213 | D:2      | Killed Natasha
  2389 | D:2      | Reached XP level 7. HP: 49/55 MP: 7/7
  2646 | D:2      | Found a runed translucent door.
  2647 | D:2      | Noticed Crazy Yiuf
  2653 | D:2      | Killed Crazy Yiuf
  2654 | D:2      | Reached skill level 5 in Armour
  3116 | D:3      | Reached skill level 5 in Fighting
  3522 | D:4      | Noticed Eustachio
  3553 | D:4      | Killed Eustachio
  3603 | D:4      | Found a sand-covered staircase.
  3696 | Ossuary  | Entered an ossuary
  3871 | Ossuary  | Reached XP level 8. HP: 39/63 MP: 8/8
  4369 | D:4      | Reached skill level 5 in Axes
  4659 | D:4      | Found a staircase to the Ecumenical Temple.
  4673 | Temple   | Entered the Ecumenical Temple
  4942 | Temple   | Became a worshipper of Zin the Law-Giver
  4942 | Temple   | Reached * piety under Zin
  4943 | Temple   | Donated 134 gold pieces to Zin
  5326 | D:5      | Entered Level 5 of the Dungeon
  5387 | D:5      | Reached XP level 9. HP: 66/71 MP: 9/9
  6075 | D:5      | Reached ** piety under Zin
  6096 | D:5      | Found the +5 robe of Misfortune {*Contam Harm *Corrode
                  | *Drain *Slow EV+5}
  6523 | D:5      | You fall into a shaft and drop 2 floors!
  6847 | D:6      | Found a shimmering altar of Xom.
  6899 | D:6      | Reached XP level 10. HP: 75/80 MP: 10/10
  6902 | D:6      | Reached *** piety under Zin
  7780 | D:7      | Found Hitausol's Assorted Antiques.
  7913 | D:8      | Noticed Harold
  7928 | D:8      | Demolished by Harold

Illustrated notes

Levels and vault maps discovered:
D:1:      dpeg_arrival_signposts, layout_basic
D:2:      layout_basic, minmay_increasing_density, uniq_sigmund, uniq_natasha,
          uniq_crazy_yiuf_cottage
D:3:      layout_rooms, minmay_misc_feat_roman
D:4:      cheibrodos_thug_alley, layout_basic, minmay_temple_entry_large_hall,
          enter_ossuary_2, uniq_eustachio
D:5:      layout_loops_ring, ebering_ghost_rock_garden
D:6:      layout_basic, xom_confusion_cloud, chequers_serial_rivers_small_3
D:7:      layout_rooms, serial_shops, nicolae_shop_competitors_out_of_business
D:8:      layout_loops_corners, grunt_lair_entry_orc_guard_hut, basic_altar,
          minmay_stone_trees_small, uniq_harold
Temple:   nicolae_temple_figure_eight

Skill      XL: |  1  2  3  4  5  6  7  8  9 10 |
---------------+-------------------------------+-----
Shields        | 4 5 6 7 8 9 |  9.0
Fighting       | 4 5 6 8 9 |  9.2
Armour         | 4 5 6 7 |  7.0
Axes           | 3 4 5 7 8 |  8.0

Action                   |  1- 3 |  4- 6 |  7- 9 | 10-12 || total
-------------------------+-------+-------+-------+-------++-------
Melee: War axe           |   100 |    67 |    81 |       ||   248
       Hand axe          |       |       |   521 |    86 ||   607
Invok: Donate Gold       |       |       |     1 |       ||     1
 Abil: Dig               |     5 |       |     9 |       ||    14
  Use: Scroll            |     3 |     1 |     7 |       ||    11
       Potion            |       |     1 |     1 |     1 ||     3
 Stab: Sleeping          |       |       |     3 |     1 ||     4
Armor: Scale mail        |    41 |    20 |       |       ||    61
       Ring mail         |       |     5 |   135 |    23 ||   163
Dodge: Dodged            |    37 |    11 |   113 |    15 ||   176
Block: Kite shield       |    50 |    46 |   442 |    60 ||   598
       Reflection        |       |       |     2 |     3 ||     5
